 Dungeon Crawl Stone Soup version 0.27.1-34-g3ba077fa99 (webtiles) character file.

Game seed: 3461353405124305907

30 Sharkman1231 the Skirmisher (level 3, 0/43 HPs)
             Began as a Demonspawn Chaos Knight on Jan 18, 2022.
             Was a Plaything of Xom.
             Slain by Terence (6 damage)
             ... on level 2 of the Dungeon.
             The game lasted 00:01:48 (2175 turns).

Sharkman1231 the Skirmisher (DsCK)                  Turns: 2175, Time: 00:01:48

Health: 0/43       AC:  6    Str: 12    XL:     3   Next: 5%
Magic:  3/3        EV: 11    Int: 13    God:    Xom [...*..]
Gold:   65         SH:  0    Dex: 13    Spells: 2/2 levels left

rFire    . . .     SeeInvis +   a - +0 mace (chaos)
rCold    . . .     Faith    .   (no shield)
rNeg     . . .     Spirit   .   b - +2 leather armour
rPois    .         Reflect  .   (no helmet)
rElec    .         Harm     .   (no cloak)
rCorr    .         Rampage  .   (no gloves)
Will     .....                  g - +0 pair of boots
Stlth    ..........             (no amulet)
HPRegen  0.14/turn              i - ring of see invisible
MPRegen  0.08/turn              (no ring)

@: brilliant, berserking, lethally poisoned (0 -> -13), slowed
A: powered by death 1
a: Renounce Religion


You were on level 2 of the Dungeon.
You worshipped Xom.
You were a favourite toy of Xom.
You visited 1 branch of the dungeon, and saw 2 of its levels.

You collected 65 gold pieces.

Inventory:

Hand Weapons
 a - a +0 mace of chaos (weapon)
Armour
 b - a +2 leather armour (worn)
 g - a +0 pair of boots (worn)
Jewellery
 i - a ring of see invisible (left hand)
Scrolls
 c - a scroll of blinking {unknown}
 d - a scroll of magic mapping {unknown}
 e - a scroll of noise {unknown}
 j - a scroll of identify {unknown}


   Skills:
 + Level 3.4 Fighting
 + Level 3.2 Maces & Flails
 + Level 1.9 Armour
 + Level 1.2 Dodging


You had 2 spell levels left.
You didn't know any spells.
Your spell library was empty.

Dungeon Overview and Level Annotations

Branches:
Dungeon (2/15)

Altars:

Annotations:
D:2 exclusion: hobgoblin, Sigmund, Terence


Innate Abilities, Weirdness & Mutations

You regenerate a little health from kills.


Message History

Terence hits you with a +2 short sword of chaos!
You are electrocuted!
* * * LOW HITPOINT WARNING * * *
Terence hits you with a +2 short sword of chaos.
* * * LOW HITPOINT WARNING * * *
Terence burns you.
* * * LOW HITPOINT WARNING * * *
Unknown command.
Xom smiles on you.
You feel much better.
It was a potion of curing.
You feel better.
Xom thinks this is hilarious!
Terence hits you with a +2 short sword of chaos.
You feel yourself slow down.
Terence hits you with a +2 short sword of chaos.
Terence burns you.
It was a potion of berserk rage.
A red film seems to cover your vision as you go berserk!
You feel yourself moving faster!
You feel mighty! Terence closely misses you. Terence barely misses you.
You hit Terence but do no damage.
Terence is moderately wounded.
Terence hits you with a +2 short sword of chaos. x2
Terence draws strength from your wounds!
You hit Terence.
Terence is heavily wounded.
Terence hits you with a +2 short sword of chaos.
You convulse.
Terence hits you with a +2 short sword of chaos!
* * * LOW HITPOINT WARNING * * *
You are lethally poisoned!
You hit Terence but do no damage.
Terence is poisoned.
Terence is heavily wounded.
* * * LOW HITPOINT WARNING * * *
You feel very sick. Xom smiles on you.
You feel clever all of a sudden.
Terence hits you with a +2 short sword of chaos.
You die...
Xom titters!

##### #...#
########...########.
#.......)...........
#. ##...............
#.###........######.
#.@@.......)## ###.
#.[##<.#....# #..#
#..##.....#.# #.#.
#..###.####.# ##.#.
#..# #.####.####....
#..# #...........#..
#..# ######.####....
#..# #.# ##.#.
#..#### #.#####.#.


You could see Terence (fast, very poisoned).

Vanquished Creatures
  2 worms (D:2)
  A dart slug (D:1)
  A giant cockroach (D:2)
  3 goblins (D:1)
  2 hobgoblins (D:1)
  A quokka (D:1)
  2 ball pythons
  4 bats
  5 frilled lizards
  4 kobolds
25 creatures vanquished.

Notes
Turn   | Place    | Note
-------+----------+-------------------------------------------
     0 | D:1      | Sharkman1231 the Demonspawn Chaos Knight began the quest
                  | for the Orb.
     0 | D:1      | Reached XP level 1. HP: 18/18 MP: 1/1
   181 | D:1      | XOM: silly message
   183 | D:1      | Reached skill level 1 in Dodging
   183 | D:1      | Gained mutation: You regenerate a little health from kills.
                  | [demonic ancestry]
   183 | D:1      | Reached XP level 2. HP: 23/24 MP: 2/2
   477 | D:1      | XOM: silly message
  1333 | D:1      | XOM: silly message
  1608 | D:2      | XOM: silly message
  1898 | D:2      | Reached XP level 3. HP: 27/29 MP: 3/3
  1989 | D:2      | Noticed Sigmund
  2166 | D:2      | Noticed Terence
  2168 | D:2      | XOM: chaos upgrade
  2170 | D:2      | XOM: potion effect (heal wounds)
  2175 | D:2      | XOM: potion effect (brilliance)
  2175 | D:2      | Slain by Terence

Illustrated notes

Levels and vault maps discovered:
D:1:      scummos_arrival_simple_crosswalls, layout_rooms, serial_glass,
          glass_columns_c, glass_columns_a, due_unseen_surprise,
          hangedman_decor_riveting, minmay_misc_feat_columns
D:2:      layout_loops_ring, uniq_sigmund, uniq_terence

Skill      XL: |  1  2 |
---------------+-------+-----
Dodging        | 1 |  1.2
Maces & Flails | 3 |  3.2
Fighting       | |  3.4
Armour         | |  1.9

Action                   || total
-------------------------++-------
Melee: Mace              ||   118
  Use: Potion            ||     2
Armor: Leather armour    ||    27
Dodge: Dodged            ||    71
